 Dungeon Crawl Stone Soup version 0.32-a0-361-g289a535e89 (webtiles) character file.

Game seed: 10072829738949771586

16156 cforsyth the Fighter (level 12, -9/100 HPs)
             Began as a Djinni Fire Elementalist on Feb 18, 2024.
             Mangled by a minotaur
             ... wielding the +1 mace "Epo Neqi" {holy, rN+}
              (35 damage)
             ... in a Gauntlet.
             The game lasted 00:24:35 (11664 turns).

cforsyth the Fighter (Djinni Fire Elementalist)    Turns: 11664, Time: 00:24:35

Health: -9/100     AC: 10    Str:  7    XL:     12   Next: 66%
Gold:   1555       EV: 11    Int: 25    God:
                   SH:  0    Dex: 13

rFire   + + .        a - +7 spear of Luxury {heavy, rElec rC+ Will+}
rCold   + . .        (no shield)
rNeg    . . .        M - +3 leather armour of Yrholos {rCorr}
rPois   ∞            L - +2 hat of the Old and Reckless {Int+2}
rElec   +            (no cloak)
rCorr   +            o - +1 pair of gloves
SInv    +            (boots unavailable)
Will    ++...        k - amulet of Ucoss {rElec Regen+}
Stlth   ++           c - ring of protection from cold
HPRegen 1.16/turn    v - ring of see invisible
MPRegen 0.00/turn

%: no teleportation, infuse magic (-10 HP)
@: flying, studying Summonings
A: sickness immunity, fire resistance 2, cold vulnerability 1, float, innate
caster, HP casting, extra vitality 1
a: no special abilities


You were in a Gauntlet.
You visited 1 branch of the dungeon, and saw 12 of its levels.
You also visited: Gauntlet.

You collected 2426 gold pieces.
You spent 871 gold pieces at shops.


Innate Abilities, Weirdness & Mutations

You are immune to sickness and miasma.
You are immune to poison.
Your flesh is very heat resistant. (rF++)
You are vulnerable to cold. (rC-)
You float through the air rather than walking.
You learn spells naturally, not from books.
Your magical power is your life essence.
You have superior vitality. (+4 MHP)


   Skills:
 + Level 14.2 Fighting
 - Level 2.1 Dodging
 - Level 1.5 Stealth
 + Level 11.3 Spellcasting
 + Level 11.3 Conjurations
 + Level 11.3 Hexes
 + Level 14.1 Summonings
 + Level 11.3 Necromancy
 + Level 11.3 Translocations
 + Level 11.3 Fire Magic
 + Level 11.3 Ice Magic
 + Level 11.3 Air Magic
 + Level 11.3 Earth Magic
 + Level 11.3 Alchemy


You knew the following spells:

 Your Spells              Type           Power      Damage    Failure   Level
a - Kiss of Death         Conj/Necr      100%       2d13      1%          1
c - Call Imp              Summ           100%       N/A       1%          2
d - Freezing Cloud        Conj/Ice/Air   31%        6-21      1%          5
f - Foxfire               Conj/Fire      100%       2x1d9     1%          1
g - Gell's Gravitas       Tloc           63%        N/A       1%          3
r - Inner Flame           Hex/Fire       63%        N/A       1%          3
v - Vampiric Draining     Necr           63%        2d10      1%          3
X - Scorch                Fire           100%       2d9       1%          2
Y - Volatile Blastmotes   Fire/Tloc      100%       2d18      1%          3
Z - Flame Wave            Conj/Fire      63%        2d15      1%          4
Your spell library was empty.

Inventory:

Hand Weapons
 a - the +7 spear of Luxury (weapon) {heavy, rElec rC+ Will+}
   (You bought it in a shop on level 4 of the Dungeon)

   rC+:       It protects you from cold.
   rElec:     It insulates you from electricity.
   Will+:     It increases your willpower.
Missiles
 m - 2 throwing nets {=f}
Armour
 o - a +1 pair of gloves (worn)
 x - a +0 robe
 J - +0 steam dragon scales
 L - the +2 hat of the Old and Reckless (worn) {Int+2}
   (You found it in a Gauntlet)

   Int+2:     It affects your intelligence (+2).
 M - the +3 leather armour of Yrholos (worn) {rCorr}
   (You found it in a Gauntlet)

   rCorr:     It protects you from acid and corrosion.
Magical Staves
 u - a staff of cold {!a}
Jewellery
 c - a ring of protection from cold (left hand)
 g - an amulet of regeneration
 k - the amulet of Ucoss (around neck) {rElec Regen+}
   (You found it in a Gauntlet)

   [amulet of regeneration]

   rElec:     It insulates you from electricity.
   Regen+:    It increases your rate of health regeneration.
 t - a ring of protection from cold
 v - a ring of see invisible (right hand)
 C - a ring of ice
 S - a +6 ring of strength
Wands
 n - a wand of flame (25)
 w - a wand of acid (27)
 B - a wand of iceblast (6)
 D - a wand of paralysis (4)
 I - a wand of mindburst (6)
Scrolls
 b - 2 scrolls of noise
 d - a scroll of summoning {unknown}
 j - 3 scrolls of teleportation {@r2}
 y - a scroll of poison
 z - a scroll of enchant weapon
 A - a scroll of blinking
 K - a scroll of brand weapon
Potions
 e - 5 potions of curing {@q1}
 f - a potion of mutation {unknown}
 i - 3 potions of resistance
 l - 3 potions of berserk rage {!q}
 p - a potion of attraction
 q - a potion of ambrosia
 r - 2 potions of enlightenment
 s - a potion of lignification {unknown}
 F - a potion of might
 H - a potion of invisibility {unknown}
Miscellaneous
 E - a phial of floods
 G - a phantom mirror

Dungeon Overview and Level Annotations

Branches:
Dungeon (12/15)            Temple (0/1) D:6            Lair (0/5) D:8
    Orc (0/2) D:9         Gauntlet (1/1)

Altars:
Dithmenos
Elyvilon
Gozag
Hepliaklqana
Nemelex Xobeh
Okawaru
Qazlal
Uskayaw
Wu Jian
The Shining One

Shops:
D:1 !   D:4 (   D:7 (

Portals:
Trove: D:10 (give +8 demon whip)

Annotations:
Gauntlet 6 transporters

.▒▒..▒..▒
▒..▒)▒..▒▓▓▓▓
▒..▒.▒..▒≈ߧ▓
▒▒▒.©▒..▒...▓▓▓▓ ▓▓
▒..▒=▒..▒.ß.▓▓.. .▓
▒..▒)▒..▒...▓▓.▓ .▓
.▒▒..▒..▒.ß....▓ .▓
.....▒..▒...▓▓.▓▓.░
▒▒▒▒▒▒..▒...▓▓..@.░
.......≈▒.©.▓▓.▓▓H░
.......∩▒......▓ .'.
.......≈▒.©.▓▓.▓ .░.░
▒▒▒▒▒▒..▒...▓▓....░.░
..^..▒..▒...▓▓.▓▓.░ ░
▒^▒▒^▒..▒.ß....▓ .▓
^..#.▒..▒...▓▓.▓ .▓
▒▒.▒.▒..▒.ß.▓▓..


You could see a minotaur (inner flame, corroded).


Message History

* * * LOW HITPOINT WARNING * * *
The minotaur barely misses you.
You feel better.
The minotaur hits you but does no damage.
The minotaur barely misses you.
Unknown command.
You feel better.
The minotaur hits you with the +1 mace "Epo Neqi" {holy, rN+}.
* * * LOW HITPOINT WARNING * * *
The minotaur barely misses you.
Unknown command.
Aiming: Corrosive Bolt
Press: ? - help, Shift-Dir - straight line, f/p - minotaur
Aim: a minotaur, wielding the +1 mace "Epo Neqi" {holy, rN+}, wearing a +0 plate armour and quivering silver javelins (severely wounded, inner flame, covered in acid, 86% to hit)
The bolt of acid hits the minotaur but does no damage.
The minotaur is severely wounded.
The minotaur hits you with the +1 mace "Epo Neqi" {holy, rN+}!
* * * LOW HITPOINT WARNING * * *
The minotaur completely misses you.
Aiming: Corrosive Bolt
Press: ? - help, Shift-Dir - straight line, f/p - minotaur
Aim: a minotaur, wielding the +1 mace "Epo Neqi" {holy, rN+}, wearing a +0 plate armour and quivering silver javelins (severely wounded, inner flame, covered in acid, 86% to hit)
The bolt of acid hits the minotaur but does no damage.
The minotaur is severely wounded.
The minotaur misses you. The minotaur closely misses you.
Unknown command.
Unknown command.
You feel better.
The minotaur hits you with the +1 mace "Epo Neqi" {holy, rN+}!!
You die...

Skill      XL: |  1  2  3  4  5  6  7  8  9 10 11 12 |
---------------+-------------------------------------+-----
Fighting       | 1 2 3 4 5 7 9 11 13 14 | 14.2
Spellcasting   | 4 5 6 7 9 10 11 | 11.3
Conjurations   | 4 5 6 7 9 10 11 | 11.3
Hexes          | 4 5 6 7 9 10 11 | 11.3
Summonings     | 4 5 6 8 11 12 14 | 14.1
Necromancy     | 4 5 6 7 9 10 11 | 11.3
Translocations | 4 5 6 7 9 10 11 | 11.3
Fire Magic     | 4 5 6 7 9 10 11 | 11.3
Ice Magic      | 4 5 6 7 9 10 11 | 11.3
Air Magic      | 4 5 6 7 9 10 11 | 11.3
Earth Magic    | 4 5 6 7 9 10 11 | 11.3
Alchemy        | 4 5 6 7 9 10 11 | 11.3
Dodging        | |  2.1
Stealth        | |  1.5

Action                     |  1- 3 |  4- 6 |  7- 9 | 10-12 || total
---------------------------+-------+-------+-------+-------++-------
  Melee: Unarmed           |     3 |       |       |       ||     3
         Spear             |       |       |       |     2 ||     2
   Cast: Foxfire           |    71 |   109 |   275 |   238 ||   693
         Scorch            |     1 |     4 |    29 |    95 ||   129
         Inner Flame       |       |     4 |    17 |    72 ||    93
         Call Imp          |       |     2 |       |     6 ||     8
         Freezing Cloud    |       |       |       |     1 ||     1
  Evoke: Wand              |       |       |       |     6 ||     6
    Use: Scroll            |       |       |    17 |     8 ||    25
         Potion            |       |       |       |     7 ||     7
 Armour: Robe              |     7 |     5 |    36 |    49 ||    97
         Steam dragon scal |       |       |       |    43 ||    43
         Leather armour    |       |       |       |    26 ||    26
  Dodge: Dodged            |     9 |     4 |    18 |    60 ||    91

Levels and vault maps discovered:
D:1:      dpeg_arrival_central, layout_basic, serial_shops, shop,
          dreamdust_princess_bridge, minmay_ruptured
D:2:      layout_basic, basic_altar, uniq_terence
D:3:      layout_basic, minmay_close_crescents, uniq_ijyb
D:4:      layout_gridville, general_overflow_altar, serial_shops, shop,
          minmay_cut_off
D:5:      layout_basic, uniq_blork_the_orc
D:6:      layout_loops_ring, elyvilon_altar_5, nicolae_overflow_hidden_temple,
          minmay_temple_entry_antechambers, enter_ossuary_5, fountainhead,
          uniq_grinder
D:7:      layout_cave_pods, nicolae_dithmenos_shadow_blocks, grunt_ministairs_7,
          nicolae_shop_firing_range
D:8:      layout_basic, nzn_wu_jian_contemplation,
          nicolae_gozag_cash_rules_everything_around_me, david_lair_shrubbed,
          minmay_between
D:9:      hangedman_cross_cluster, layout_loops_ring, orc_0_dummy
D:10:     layout_stronghold, lemuel_tele_altar,
          nicolae_trove_entry_path_of_doom, uniq_maggie
D:11:     layout_irregular_city, minmay_misc_feat_doors
D:12:     gammafunk_beogh_shrine, layout_long_grid, gauntlet_entry_generic
Gauntlet: gammafunk_gauntlet_hard_choice [gammafunk_gauntlet_arena_crates,
          nicolae_gauntlet_arena_x, gammafunk_gauntlet_arena_mazey,
          gammafunk_gauntlet_arena_corners, nicolae_gauntlet_arena_quarters,
          nicolae_gauntlet_arena_grate_2, gauntlet_exit_watery]

Notes
Turn   | Place    | Note
-------+----------+-------------------------------------------
     0 | D:1      | cforsyth the Djinni Fire Elementalist began the quest for
                  | the Orb.
     0 | D:1      | cforsyth set off with the following spells memorised:
                  | Foxfire, Scorch, Volatile Blastmotes, Inner Flame, Flame
                  | Wave.
     0 | D:1      | Reached XP level 1. HP: 15/15 MP: 0/0
   194 | D:1      | Reached XP level 2. HP: 20/22 MP: 0/0
   223 | D:1      | Reached skill level 1 in Fighting
   406 | D:1      | Reached XP level 3. HP: 24/27 MP: 0/0
   406 | D:1      | Learned a level 1 spell: Kiss of Death
   673 | D:1      | Found Daxig's Distillery.
  1285 | D:2      | Reached skill level 2 in Fighting
  1348 | D:2      | Reached XP level 4. HP: 21/33 MP: 0/0
  1430 | D:2      | Found an opulent altar of Gozag.
  1604 | D:2      | Reached XP level 5. HP: 32/40 MP: 0/0
  1604 | D:2      | Learned a level 2 spell: Call Imp
  1650 | D:2      | Reached skill level 3 in Fighting
  1807 | D:2      | Noticed Terence
  1810 | D:2      | Killed Terence
  1811 | D:2      | Reached skill level 4 in Spellcasting
  1811 | D:2      | Reached skill level 4 in Conjurations
  1811 | D:2      | Reached skill level 4 in Hexes
  1811 | D:2      | Reached skill level 4 in Summonings
  1811 | D:2      | Reached skill level 4 in Necromancy
  1811 | D:2      | Reached skill level 4 in Translocations
  1811 | D:2      | Reached skill level 4 in Fire Magic
  1811 | D:2      | Reached skill level 4 in Ice Magic
  1811 | D:2      | Reached skill level 4 in Air Magic
  1811 | D:2      | Reached skill level 4 in Earth Magic
  1811 | D:2      | Reached skill level 4 in Alchemy
  2042 | D:3      | Noticed Ijyb
  2045 | D:3      | Reached XP level 6. HP: 16/47 MP: 0/0
  2065 | D:3      | Killed Ijyb
  2367 | D:3      | Reached skill level 4 in Fighting
  2976 | D:4      | Reached XP level 7. HP: 31/53 MP: 0/0
  2976 | D:4      | Learned a level 3 spell: Vampiric Draining
  3236 | D:4      | Reached skill level 5 in Fighting
  3236 | D:4      | Reached skill level 5 in Spellcasting
  3236 | D:4      | Reached skill level 5 in Conjurations
  3236 | D:4      | Reached skill level 5 in Hexes
  3236 | D:4      | Reached skill level 5 in Summonings
  3236 | D:4      | Reached skill level 5 in Necromancy
  3236 | D:4      | Reached skill level 5 in Translocations
  3236 | D:4      | Reached skill level 5 in Fire Magic
  3236 | D:4      | Reached skill level 5 in Ice Magic
  3236 | D:4      | Reached skill level 5 in Air Magic
  3236 | D:4      | Reached skill level 5 in Earth Magic
  3236 | D:4      | Reached skill level 5 in Alchemy
  3421 | D:4      | Found Zeihum's Weapon Boutique.
  3496 | D:4      | Found a sparkling altar of Nemelex Xobeh.
  3855 | D:5      | Entered Level 5 of the Dungeon
  3983 | D:5      | Reached XP level 8. HP: 18/61 MP: 0/0
  4137 | D:5      | Noticed Blork the orc
  4154 | D:5      | Killed Blork the orc
  4218 | D:5      | Reached skill level 6 in Fighting
  4731 | D:5      | Reached skill level 6 in Spellcasting
  4731 | D:5      | Reached skill level 6 in Conjurations
  4731 | D:5      | Reached skill level 6 in Hexes
  4731 | D:5      | Reached skill level 6 in Summonings
  4731 | D:5      | Reached skill level 6 in Necromancy
  4731 | D:5      | Reached skill level 6 in Translocations
  4731 | D:5      | Reached skill level 6 in Fire Magic
  4731 | D:5      | Reached skill level 6 in Ice Magic
  4731 | D:5      | Reached skill level 6 in Air Magic
  4731 | D:5      | Reached skill level 6 in Earth Magic
  4731 | D:5      | Reached skill level 6 in Alchemy
  5033 | D:6      | Reached skill level 7 in Fighting
  5081 | D:6      | Identified 2 potions of resistance
  5083 | D:6      | Identified 3 scrolls of acquirement
  5083 | D:6      | Acquired 665 gold pieces
  5094 | D:6      | Found a white marble altar of Elyvilon.
  5114 | D:6      | Reached XP level 9. HP: 30/68 MP: 0/0
  5114 | D:6      | Learned a level 3 spell: Gell's Gravitas
  5188 | D:6      | Found a hazy altar of Hepliaklqana.
  5191 | D:6      | Found a hide-covered altar of Uskayaw.
  5280 | D:6      | Found an iron altar of Okawaru.
  5363 | D:6      | You are sucked into a shaft and drop 3 floors!
  5372 | D:9      | Found a staircase to the Orcish Mines.
  5378 | D:9      | Acquired an amulet of regeneration
  5387 | D:9      | Acquired 687 gold pieces
  5402 | D:9      | Reached skill level 8 in Fighting
  5413 | D:8      | Found an opulent altar of Gozag.
  5487 | D:8      | Reached skill level 7 in Spellcasting
  5487 | D:8      | Reached skill level 7 in Conjurations
  5487 | D:8      | Reached skill level 7 in Hexes
  5487 | D:8      | Reached skill level 7 in Summonings
  5487 | D:8      | Reached skill level 7 in Necromancy
  5487 | D:8      | Reached skill level 7 in Translocations
  5487 | D:8      | Reached skill level 7 in Fire Magic
  5487 | D:8      | Reached skill level 7 in Ice Magic
  5487 | D:8      | Reached skill level 7 in Air Magic
  5487 | D:8      | Reached skill level 7 in Earth Magic
  5487 | D:8      | Reached skill level 7 in Alchemy
  5621 | D:7      | Found a shadowy altar of Dithmenos.
  5841 | D:7      | Found Amacrergh's Firing Range.
  5851 | D:7      | Reached skill level 9 in Fighting
  5903 | D:7      | Reached skill level 8 in Summonings
  5907 | D:6      | Found a stormy altar of Qazlal.
  6121 | D:7      | Reached XP level 10. HP: 48/78 MP: 0/0
  6618 | D:6      | Noticed Grinder
  6635 | D:6      | Killed Grinder
  6636 | D:6      | Reached skill level 8 in Spellcasting
  6636 | D:6      | Reached skill level 8 in Conjurations
  6636 | D:6      | Reached skill level 8 in Hexes
  6636 | D:6      | Reached skill level 8 in Necromancy
  6636 | D:6      | Reached skill level 8 in Translocations
  6636 | D:6      | Reached skill level 8 in Fire Magic
  6636 | D:6      | Reached skill level 8 in Ice Magic
  6636 | D:6      | Reached skill level 8 in Air Magic
  6636 | D:6      | Reached skill level 8 in Earth Magic
  6636 | D:6      | Reached skill level 8 in Alchemy
  6662 | D:6      | Found a staircase to the Ecumenical Temple.
  6893 | D:4      | Bought the +7 spear of Luxury {heavy, rElec rC+ Will+} for
                  | 871 gold pieces
  7095 | D:8      | Reached skill level 9 in Summonings
  7150 | D:8      | Reached skill level 10 in Fighting
  7367 | D:8      | Found an ornate altar of the Wu Jian Council.
  7385 | D:8      | Found a staircase to the Lair.
  7386 | D:8      | Noticed a komodo dragon
  7399 | D:8      | Killed a komodo dragon
  7400 | D:8      | Reached skill level 10 in Summonings
  7763 | D:8      | Noticed a two-headed ogre
  7768 | D:8      | Killed a two-headed ogre
  7769 | D:8      | Reached skill level 11 in Fighting
  7980 | D:9      | Reached skill level 9 in Spellcasting
  7980 | D:9      | Reached skill level 9 in Conjurations
  7980 | D:9      | Reached skill level 9 in Hexes
  7980 | D:9      | Reached skill level 9 in Necromancy
  7980 | D:9      | Reached skill level 9 in Translocations
  7980 | D:9      | Reached skill level 9 in Fire Magic
  7980 | D:9      | Reached skill level 9 in Ice Magic
  7980 | D:9      | Reached skill level 9 in Air Magic
  7980 | D:9      | Reached skill level 9 in Earth Magic
  7980 | D:9      | Reached skill level 9 in Alchemy
  8128 | D:9      | Noticed a centaur warrior
  8138 | D:9      | Noticed a meliai
  8141 | D:9      | Killed a centaur warrior
  8141 | D:9      | Killed a meliai
  8142 | D:9      | Reached skill level 11 in Summonings
  8142 | D:9      | Reached XP level 11. HP: 37/89 MP: 0/0
  8142 | D:9      | Learned a level 5 spell: Freezing Cloud
  8284 | D:9      | Noticed a centaur warrior
  8295 | D:9      | Killed a centaur warrior
  8296 | D:9      | Reached skill level 12 in Fighting
  8385 | D:9      | Noticed a manticore
  8388 | D:9      | Killed a manticore
  8408 | D:9      | Noticed a two-headed ogre
  8414 | D:9      | Killed a two-headed ogre
  8415 | D:9      | Reached skill level 12 in Summonings
  8432 | D:9      | Reached skill level 10 in Spellcasting
  8432 | D:9      | Reached skill level 10 in Conjurations
  8432 | D:9      | Reached skill level 10 in Hexes
  8432 | D:9      | Reached skill level 10 in Necromancy
  8432 | D:9      | Reached skill level 10 in Translocations
  8432 | D:9      | Reached skill level 10 in Fire Magic
  8432 | D:9      | Reached skill level 10 in Ice Magic
  8432 | D:9      | Reached skill level 10 in Air Magic
  8432 | D:9      | Reached skill level 10 in Earth Magic
  8432 | D:9      | Reached skill level 10 in Alchemy
  8440 | D:9      | Found a glowing golden altar of the Shining One.
  8472 | D:9      | Noticed a two-headed ogre
  8478 | D:9      | Killed a two-headed ogre
  8504 | D:9      | Noticed a two-headed ogre
  8513 | D:9      | Killed a two-headed ogre
  8632 | D:9      | Noticed a two-headed ogre
  8638 | D:9      | Killed a two-headed ogre
  8639 | D:9      | Reached skill level 13 in Fighting
  8712 | D:9      | Reached XP level 12. HP: 91/98 MP: 0/0
  9212 | D:10     | Entered Level 10 of the Dungeon
  9349 | D:10     | Noticed Maggie
  9359 | D:10     | Killed Maggie
  9360 | D:10     | Reached skill level 13 in Summonings
  9431 | D:10     | Found a portal to a secret trove of treasure.
  9877 | D:10     | Found a glowing golden altar of the Shining One.
 10527 | D:11     | Noticed a two-headed ogre
 10532 | D:11     | Killed a two-headed ogre
 10533 | D:11     | Reached skill level 11 in Spellcasting
 10533 | D:11     | Reached skill level 11 in Conjurations
 10533 | D:11     | Reached skill level 11 in Hexes
 10533 | D:11     | Reached skill level 11 in Necromancy
 10533 | D:11     | Reached skill level 11 in Translocations
 10533 | D:11     | Reached skill level 11 in Fire Magic
 10533 | D:11     | Reached skill level 11 in Ice Magic
 10533 | D:11     | Reached skill level 11 in Air Magic
 10533 | D:11     | Reached skill level 11 in Earth Magic
 10533 | D:11     | Reached skill level 11 in Alchemy
 11059 | D:12     | Found a gate leading to a gauntlet.
 11068 | Gauntlet | Entered a Gauntlet
 11068 | Gauntlet | Found a transporter.
 11068 | Gauntlet | Found a transporter.
 11084 | Gauntlet | Found a transporter.
 11088 | Gauntlet | Found a transporter.
 11092 | Gauntlet | Noticed a dire elephant
 11098 | Gauntlet | Found a transporter.
 11102 | Gauntlet | Found a transporter.
 11106 | Gauntlet | Noticed a sixfirhy
 11112 | Gauntlet | Found a transporter.
 11118 | Gauntlet | Noticed a sixfirhy
 11121 | Gauntlet | Noticed a sixfirhy
 11129 | Gauntlet | Noticed a death scarab
 11130 | Gauntlet | Noticed a death scarab
 11133 | Gauntlet | Found a transporter.
 11150 | Gauntlet | Found a transporter.
 11154 | Gauntlet | Found a transporter.
 11154 | Gauntlet | Noticed a great orb of eyes
 11164 | Gauntlet | Found a transporter.
 11168 | Gauntlet | Found a transporter.
 11211 | Gauntlet | Found the +3 pair of gauntlets of War {Slay+5}
 11349 | Gauntlet | Identified the amulet of Ucoss {rElec Regen+}
 11487 | Gauntlet | Killed a sixfirhy
 11488 | Gauntlet | Reached skill level 14 in Fighting
 11491 | Gauntlet | Killed a sixfirhy
 11491 | Gauntlet | Killed a sixfirhy
 11492 | Gauntlet | Reached skill level 14 in Summonings
 11517 | Gauntlet | Identified the +2 hat of the Old and Reckless {Int+2}
 11525 | Gauntlet | Identified the +3 leather armour of Yrholos {rCorr}
 11643 | Gauntlet | Identified the +3 sling "Jellybane" {drain, rF++ Str+3}
 11643 | Gauntlet | Identified the +1 mace "Epo Neqi" {holy, rN+}
 11643 | Gauntlet | Noticed a minotaur
 11651 | Gauntlet | HP: 7/100 [minotaur/the +1 mace "Epo Neqi" {holy, rN+} (5)]
 11659 | Gauntlet | HP: 6/100 [minotaur/the +1 mace "Epo Neqi" {holy, rN+}
                  | (21)]
 11664 | Gauntlet | Mangled by a minotaur

Vanquished Creatures
  2 centaur warriors (D:9)
  6 two-headed ogres
  3 sixfirhies (Gauntlet)
  A manticore (D:9)
  A meliai (D:9)
  Maggie (D:10)
  2 komodo dragons
  A guardian mummy (D:10)
  Grinder (D:6)
  3 hornets
  2 wraiths (D:9)
  3 wyverns
  4 yaks (D:8)
  4 steam dragons
  4 vampire mosquitoes (D:11)
  2 water moccasins
  5 orc warriors
  A black bear (D:6)
  A sky beast (D:7)
  4 ice beasts
  A laughing skull (D:9)
  An ogre (D:4)
  6 centaurs
  Blork the orc (D:5)
  5 kobold brigands
  4 bullfrogs
  A gnoll sergeant (D:9)
  A scorpion (D:6)
  12 wights
  4 killer bees
  2 jellies
  An electric eel (D:6)
  7 orc priests
  3 hounds
  2 gnoll boudas
  4 sleepcaps
  Terence (D:2)
  5 iguanas
  Ijyb (D:3)
  13 orc wizards
  16 gnolls
  6 adders
  3 white imps
  2 ufetubi (D:5)
  A dart slug (D:4)
  3 ribbon worms
  27 orcs
  4 endoplasms
  3 giant cockroaches
  7 goblins
  4 hobgoblins
  5 jackals
  3 quokkas
  A training dummy (D:7)
  5 ball pythons
  3 bats
  3 frilled lizards
  28 kobolds
  5 rats
255 creatures vanquished.

Vanquished Creatures (others)
  A kobold (D:10)
  1181 foxfires
1182 creatures vanquished.

Grand Total: 1437 creatures vanquished

Table legend: (Time is in decaauts)
 A = Elapsed time spent in this place.
 B = Non-inter-level travel time spent in this place.
 C = Inter-level travel time spent in this place.
 D = Time resting spent in this place.
 E = Time spent auto-exploring this place.
 F = Levels seen in this place.
 G = Mean time per level.
                   A        B        C        D        E       F      G
               +--------+--------+--------+--------+--------+-----+--------+
         Total |  11665 |  11252 |    413 |    950 |   8081 |  13 |  897.3 |
       Dungeon |  11069 |  10656 |    413 |    710 |   7947 |  12 |  922.4 |
      Gauntlet |    595 |    595 |      0 |    240 |    134 |   1 |  595.0 |
               +--------+--------+--------+--------+--------+-----+--------+

Top non-repeatable levels by time:
     D:9: 1267 daAuts
     D:5: 1194 daAuts
     D:1: 1172 daAuts
     D:4: 1086 daAuts
     D:8: 1051 daAuts
    D:10: 1026 daAuts
     D:7: 995 daAuts
     D:3: 983 daAuts
     D:2: 767 daAuts
    D:11: 756 daAuts
     D:6: 695 daAuts
Gauntlet: 595 daAuts
    D:12: 71 daAuts

Table legend:
 A = Non-vault XP
 B = Vault XP
 C = Vault XP percentage of total XP
 D = Non-vault monster count
 E = Vault monster count
 F = Vault count percentage of total count
                 A         B        C        D         E       F
            +---------+---------+-------+---------+---------+-------
      Total |   11068 |   12013 |  52.0 |     201 |      55 |  21.5
            +---------+---------+-------+---------+---------+-------
        D:1 |      36 |       8 |  18.2 |      14 |       3 |  17.6
        D:2 |     113 |      37 |  24.7 |      18 |       1 |   5.3
        D:3 |     203 |      41 |  16.8 |      14 |       3 |  17.6
        D:4 |     270 |     196 |  42.1 |      18 |       3 |  14.3
        D:5 |     544 |      97 |  15.1 |      20 |       1 |   4.8
        D:6 |     760 |     287 |  27.4 |       9 |       1 |  10.0
        D:7 |    1332 |     125 |   8.6 |      33 |       8 |  19.5
        D:8 |    2419 |     513 |  17.5 |      28 |       4 |  12.5
        D:9 |    1657 |    7149 |  81.2 |      10 |      24 |  70.6
       D:10 |    1399 |     700 |  33.3 |      24 |       2 |   7.7
       D:11 |    2226 |       0 |   0.0 |      12 |       0 |   0.0
       D:12 |     109 |       0 |   0.0 |       1 |       0 |   0.0
   Gauntlet |       0 |    2860 | 100.0 |       0 |       5 | 100.0
            +---------+---------+-------+---------+---------+-------
